 Dungeon Crawl Stone Soup version 0.29.1-15-g9cfb28693d (webtiles) character file.

Game seed: 9779016827856307109

158 Heoruswealwe the Magician (level 5, -2/28 HPs)
             Began as a Deep Elf Earth Elementalist on Apr 25, 2023.
             Was a Believer of Jiyva.
             Slain by Henri's ghost (5 damage)
             ... on level 3 of the Dungeon.
             The game lasted 00:11:53 (1371 turns).

Heoruswealwe the Magician (DEEE)                    Turns: 1371, Time: 00:11:55

Health: -2/28      AC:  2    Str:  5      XL:     5   Next: 16%
Magic:  14/15      EV: 12    Int: 22      God:    Jiyva [**....]
Gold:   104        SH:  0    Dex: 13 (15) Spells: 9/15 levels left

rFire   . . .      SeeInvis .   (no weapon)
rCold   . . .      Faith    .   (no shield)
rNeg    . . .      Spirit   .   c - +0 robe
rPois   .          Reflect  .   (helmet restricted)
rElec   .          Harm     .   (no cloak)
rCorr   +          Rampage  .   (no gloves)
Will    .....                   (no boots)
Stlth   ++........              (no amulet)
HPRegen 0.96/turn               (no ring)
MPRegen 0.44/turn               (no ring)

@: inhibited regen
A: antennae 1, inhibited regeneration
a: Renounce Religion


You were on level 3 of the Dungeon.
You worshipped Jiyva.
Jiyva was pleased with you.
You visited 1 branch of the dungeon, and saw 3 of its levels.

You collected 104 gold pieces.

Inventory:

Armour
 c - a +0 robe (worn)
Wands
 d - a wand of flame (14)
Scrolls
 e - a scroll of identify
 f - a scroll of magic mapping
Potions
 a - a potion of might
 b - a potion of magic


   Skills:
 - Level 2.4 Dodging
 - Level 2.4 Stealth
 + Level 5.5 Spellcasting
 - Level 1.1 Transmutations
 + Level 5.1 Earth Magic


You had 9 spell levels left.
You knew the following spells:

 Your Spells              Type           Power      Damage    Failure   Level
a - Sandblast             Erth           56%        2d13      1%          1
b - Stone Arrow           Conj/Erth      34%        3d9       10%         3
z - Passwall              Tmut/Erth      15%        N/A       4%          2

Your spell library contained the following spells:

 Spells                   Type           Power      Damage    Failure   Level
 Scorch                   Fire           12%        2d6       14%         2
 Petrify                  Tmut/Erth      19%        N/A       26%         4
 Flame Wave               Conj/Fire      6%         2d5       67%         4
 Summon Cactus Giant      Summ           3%         N/A       100%        6


Dungeon Overview and Level Annotations

Branches:
Dungeon (3/15)

Altars:
Jiyva

Shops:
D:1 (!*(

Annotations:
D:3 Henri's ghost, amateur GrFi


Innate Abilities, Weirdness & Mutations

You have a pair of small antennae on your head.
You do not regenerate when monsters are visible.


Message History

Found a scroll labelled PUSSUL MISOEC.
e - a scroll of identify An orc comes into view.
It is wielding a +0 whip.
The blast of sand hits the orc!
You kill the orc!
You see here a +0 whip.
You hear a series of splatters.
Found 12 gold pieces.
Found a stone staircase leading up.
You hear a slurping noise.
Found a runed translucent door.
You hear a slurping noise.
You hear a distant slurping noise.
You hear a distant slurping noise.
The centaur shouts!
Found a scroll of immolation and a glowing rapier.
Henri's ghost turns its malevolent gaze towards you.
You hear a distant slurping noise.
You hear a distant slurping noise.
You hear a distant slurping noise.
Henri's ghost says very slowly, "There's no hope."
You open the door.
The centaur wields a +0 shortbow.
The centaur shoots an arrow.
The arrow hits you! Henri's ghost attacks as you move away!
Henri's ghost barely misses you. Henri's ghost attacks as you move away!
Henri's ghost barely misses you.
Henri's ghost takes a fighting stance.
The blast of sand hits Henri's ghost but does no damage.
The centaur shoots an arrow.
The arrow hits you!
The centaur shoots an arrow.
The arrow hits you!
* * * LOW HITPOINT WARNING * * *
Henri's ghost closely misses you.
You are too injured to fight recklessly!
You are too injured to fight recklessly!
Casting: Sandblast (safe; 1% risk of failure)
Confirm with . or Enter, or press ? or * to list all spells.
Aiming: Sandblast (safe; 1% risk of failure)
Press: ? - help, Shift-Dir - straight line, f/p - Henri's ghost
Aim: Henri's ghost (85% to hit)
The blast of sand hits Henri's ghost!
Henri's ghost is moderately damaged.
Henri's ghost hits you.
You die...

..............
##............
#...............
{#...###........ #...#
#.......#######
#...###...........#§§
####.......#.##...§J§
#####.......#.##.c.#§§
.............J##@W.#####
........................
.....................##.
......####.......#####
####### #.......#
#.......# #.......#
#.......# #......<#


You could see a centaur, Henri's ghost and a neutral jelly (wandering) (fellow
slime).

Vanquished Creatures
  An orc priest (D:2)
  Ijyb (D:3)
  2 orc wizards (D:2)
  2 worms (D:2)
  A dart slug (D:2)
  3 orcs
  A ball python (D:1)
  6 bats
  2 endoplasms (D:1)
  2 giant cockroaches
  5 hobgoblins
  A jackal (D:2)
  4 kobolds (D:1)
  2 quokkas (D:2)
  2 frilled lizards
  3 goblins
  6 rats
44 creatures vanquished.

Vanquished Creatures (others)
  A ball python (D:2)
  A bat (D:2)
  An endoplasm (D:2)
  A goblin (D:2)
4 creatures vanquished.

Grand Total: 48 creatures vanquished

Notes
Turn   | Place    | Note
-------+----------+-------------------------------------------
     0 | D:1      | Heoruswealwe the Deep Elf Earth Elementalist began the
                  | quest for the Orb.
     0 | D:1      | Reached XP level 1. HP: 10/10 MP: 6/6
   216 | D:1      | Found Saiganegg's Weapon Boutique.
   222 | D:1      | Found Penal's Distillery.
   246 | D:1      | Reached XP level 2. HP: 15/15 MP: 5/8
   249 | D:1      | Learned a level 2 spell: Passwall
   466 | D:1      | Found Zownof's Weapon Boutique.
   551 | D:1      | Found a faded altar of an unknown god.
   555 | D:1      | Prayed at the altar of an unknown god.
   555 | D:1      | Became a worshipper of Jiyva Jaapee the Shapeless
   555 | D:1      | Reached * piety under Jiyva
   606 | D:1      | Found Obosm's General Store.
   952 | D:1      | Gained mutation: You have a pair of small antennae on your
                  | head. [potion of mutation]
   952 | D:1      | Gained mutation: You do not regenerate when monsters are
                  | visible. [potion of mutation]
   971 | D:2      | Reached XP level 3. HP: 19/19 MP: 8/10
   976 | D:2      | Learned a level 3 spell: Stone Arrow
  1064 | D:2      | Reached XP level 4. HP: 18/24 MP: 7/12
  1066 | D:2      | Reached skill level 5 in Spellcasting
  1160 | D:2      | Reached ** piety under Jiyva
  1219 | D:2      | Reached skill level 5 in Earth Magic
  1313 | D:3      | Noticed Ijyb
  1319 | D:3      | Killed Ijyb
  1320 | D:3      | Reached XP level 5. HP: 26/28 MP: 13/15
  1354 | D:3      | Found a runed translucent door.
  1358 | D:3      | Noticed a centaur
  1358 | D:3      | Noticed Henri's ghost (amateur GrFi)
  1371 | D:3      | Slain by Henri's ghost

Illustrated notes

Levels and vault maps discovered:
D:1:      elethiomel_arrival_maze, layout_basic,
          hellmonk_ecumenical_altar_heavens_door, serial_shops,
          nicolae_shop_behind_doors, shop, nicolae_shop_bloodbath_and_beyond,
          shop_statue, nicolae_concentric_dashed_squares_wild,
          minmay_misc_feat_plants
D:2:      kb_forest_paths, layout_basic
D:3:      wander_river, layout_basic, led_sif_book, ebering_ghost_inner_flame,
          uniq_ijyb

Skill      XL: |  1  2  3  4 |
---------------+-------------+-----
Spellcasting   | 4 5 |  5.5
Earth Magic    | 4 5 |  5.1
Dodging        | |  2.4
Stealth        | |  2.4
Transmutations | |  1.1

Action                   |  1- 3 |  4- 6 || total
-------------------------+-------+-------++-------
Melee: Unarmed           |     1 |       ||     1
 Cast: Sandblast         |    40 |    25 ||    65
  Use: Potion            |     4 |       ||     4
       Scroll            |     4 |     1 ||     5
Armor: Robe              |     1 |       ||     1
Dodge: Dodged            |    10 |     6 ||    16
